 Dungeon Crawl Stone Soup version 0.29-a0-841-g116ddc6ace (webtiles) character file.

Game seed: 3248834155580460643

35 dranuc9 the Conjurer (level 3, 15/15 (26) HPs)
             Began as a Meteoran Conjurer on July 13, 2022.
             Quit the game on level 3 of the Dungeon on July 15, 2022.
             The game lasted 00:15:18 (1904 turns).

dranuc9 the Conjurer (Meteoran Conjurer)            Turns: 1904, Time: 00:15:20

HP:   15/15 (26)    AC:  2    Str:  8    XL:     3   Next: 76%
MP:   8/8           EV: 12    Int: 22    God:
Gold: 193           SH:  0    Dex: 12    Spells: 5/8 levels left

rFire   . . .      SeeInvis .   (no weapon)
rCold   . . .      Faith    .   (no shield)
rNeg    . . .      Spirit   .   a - +0 robe
rPois   .          Reflect  .   (no helmet)
rElec   .          Harm     .   (no cloak)
rCorr   .          Rampage  .   (no gloves)
Will    .....                   (no boots)
Stlth   +.........              (no amulet)
HPRegen 0.05/turn               (no ring)
MPRegen 0.11/turn               (no ring)

@: glowing, very heavily drained
A: sense surroundings 1, otherworldly, glowing, explore regen
a: no special abilities


You were on level 3 of the Dungeon.
You visited 1 branch of the dungeon, and saw 3 of its levels.

You collected 193 gold pieces.

Inventory:

Armour
 a - a +0 robe (worn)
Jewellery
 g - a +6 ring of strength
Scrolls
 c - a scroll of vulnerability {unknown}
 e - a scroll of noise {unknown}
 f - 2 scrolls of teleportation
 j - a scroll of blinking {unknown}
 l - a scroll of enchant armour {unknown}
 o - a scroll of amnesia {unknown}
 p - a scroll of identify {unknown}
Potions
 b - a potion of magic
 d - a potion of mutation {unknown}
 h - a potion of lignification {unknown}
 i - 3 potions of haste {unknown}
 k - a potion of flight {unknown}
 m - a potion of attraction {unknown}
 n - a potion of brilliance {unknown}
 q - 2 potions of degeneration {unknown}


   Skills:
 + Level 2.5 Dodging
 + Level 1.5 Stealth
 + Level 3.4 Spellcasting
 + Level 5.6 Conjurations


You had 5 spell levels left.
You knew the following spells:

 Your Spells              Type           Power      Damage    Failure   Level
a - Magic Dart            Conj           100%       1d8       1%          1
b - Searing Ray           Conj           56%        2d6       1%          2

Your spell library contained the following spells:

 Spells                   Type           Power      Damage    Failure   Level
 Static Discharge         Conj/Air       16%        3-5/arc   6%          2
 Necrotise                Necr           12%        1d4       12%         1
 Summon Small Mammal      Summ           12%        N/A       12%         1
 Dazzling Flash           Conj/Hex       32%        N/A       12%         3
 Call Canine Familiar     Summ           3%         N/A       34%         3
 Fulminant Prism          Conj/Hex       8%         3d7       36%         4
 Iskenderun's Mystic Bla  Conj/Tloc      16%        2d5       36%         4
 Sticky Flame             Conj/Fire      16%        2d4       36%         4
 Dispel Undead            Necr           3%         3d7       75%         4
 Simulacrum               Ice/Necr       1%         N/A       100%        6
 Necromutation            Tmut/Necr      1%         N/A       100%        8


Dungeon Overview and Level Annotations

Branches:
Dungeon (3/15) Zot: 296

Altars:

Annotations:
D:3 Terence


Innate Abilities, Weirdness & Mutations

You passively map a small area around you.
You are easily found by Zot.
You glow in the dark.
You regain HP and MP as you explore.


Message History

Aiming: Magic Dart (safe; 1% risk of failure)
Press: ? - help, Shift-Dir - straight line, f/p - goblin
Aim: a goblin, wielding a +0 club (severely wounded, 100% to hit)
The magic dart hits the goblin!
You kill the goblin!
You now have 189 gold pieces (gained 8).
HP restored.
Terence the Incautious comes into view.
He is wielding a +0 mace.
Terence shouts!
There is a stone staircase leading up here.
You climb upwards.
There is a stone staircase leading down here.
You see here a ball python corpse.
You see here a ball python corpse.
The great orb of eyes turns its gaze towards you.
The floating eye turns its gaze towards you.
The shining eye turns its gaze towards you.
The eye of devastation turns its gaze towards you.
There is an open door here.
f - 2 scrolls of teleportation (gained 1)
i - 3 pink potions (gained 1)
You now have 193 gold pieces (gained 4).
Done exploring.
Done exploring.
There is an open door here.
There is a stone staircase leading down here.
You climb downwards.
Level annotation: Terence
There is a stone staircase leading up here.
You can't go down here!
Level annotation: Terence Welcome back, dranuc9 the Meteoran Conjurer.
Press ? for a list of commands and other information.
A frilled lizard comes into view.
The frilled lizard hisses angrily.
A kobold comes into view. It is wielding a +0 short sword.
Level annotation: Terence Welcome back, dranuc9 the Meteoran Conjurer.
Press ? for a list of commands and other information.
Are you sure you want to abandon this character and quit the game? (Confirm with "yes".)

, * * , ,* *
, * * * ,>
*,,,** , * *
* #+# * #.#
#.# ##.## *
, ##..@#####
, ,*
#.<.........
*
##...#.#####
* * .......#
,l########
*#K * ,. * *


You could see a kobold (wandering) and a frilled lizard.

Vanquished Creatures
  A dart slug (D:3)
  5 endoplasms
  A giant cockroach (D:2)
  2 goblins
  2 hobgoblins
  2 jackals (D:2)
  A quokka (D:1)
  2 ball pythons (D:2)
  5 bats
  3 frilled lizards
  2 kobolds
  5 rats
31 creatures vanquished.

Notes
Turn   | Place    | Note
-------+----------+-------------------------------------------
     0 | D:1      | dranuc9 the Meteoran Conjurer began the quest for the Orb.
     0 | D:1      | Reached XP level 1. HP: 14/14 MP: 5/5
    86 | D:1      | Reached skill level 5 in Conjurations
    98 | D:1      | Reached XP level 2. HP: 18/20 MP: 1/6
   149 | D:1      | Learned a level 2 spell: Searing Ray
   500 | D:1      | Glimpsed the power of Zot.
   550 | D:1      | Glimpsed the power of Zot.
   590 | D:1      | Glimpsed the power of Zot.
   599 | D:1      | Touched by the power of Zot.
   643 | D:1      | Got the Atlas of the Retinue and Mortification
   700 | D:1      | Glimpsed the power of Zot.
   750 | D:1      | Glimpsed the power of Zot.
   790 | D:1      | Glimpsed the power of Zot.
   799 | D:1      | Touched by the power of Zot.
   900 | D:1      | Glimpsed the power of Zot.
   974 | D:2      | Noticed an eye of devastation
   976 | D:2      | Found a faded altar of an unknown god.
   978 | D:2      | Noticed a shining eye
   984 | D:2      | Noticed a great orb of eyes
   994 | D:2      | Noticed a floating eye
  1165 | D:2      | Reached XP level 3. HP: 11/11 MP: 3/8
  1500 | D:2      | Glimpsed the power of Zot.
  1668 | D:3      | Noticed Terence
  1904 | D:3      | Upgraded the game from 0.29-a0-838-g385bb11a5b to
                  | 0.29-a0-841-g116ddc6ace
  1904 | D:3      | Quit the game

Illustrated notes

Levels and vault maps discovered:
D:1:      dpeg_arrival_short_road, layout_basic
D:2:      minmay_wonky_spiral, layout_basic,
          hellmonk_ecumenical_altar_watching_god, supply_closet_lemuel,
          dk_noncrumbling_4
D:3:      layout_loops_corners, kennysheep_crisscross, uniq_terence

Skill      XL: |  1  2 |
---------------+-------+-----
Conjurations   | 5 |  5.6
Spellcasting   | 3 |  3.4
Dodging        | |  2.5
Stealth        | |  1.5

Action                   || total
-------------------------++-------
 Cast: Magic Dart        ||    51
  Use: Scroll            ||     1
Armor: Robe              ||     4
Dodge: Dodged            ||     4

Table legend: (Time is in decaauts)
 A = Elapsed time spent in this place.
 B = Non-inter-level travel time spent in this place.
 C = Inter-level travel time spent in this place.
 D = Time resting spent in this place.
 E = Time spent auto-exploring this place.
 F = Levels seen in this place.
 G = Mean time per level.
                   A        B        C        D        E       F      G
               +--------+--------+--------+--------+--------+-----+--------+
         Total |   1903 |   1326 |    577 |     48 |   1123 |   3 |  634.3 |
       Dungeon |   1903 |   1326 |    577 |     48 |   1123 |   3 |  634.3 |
               +--------+--------+--------+--------+--------+-----+--------+

Top non-repeatable levels by time:
     D:1: 948 daAuts
     D:2: 773 daAuts
     D:3: 182 daAuts
